 Dungeon Crawl Stone Soup version 0.29-a0-582-ge82337ba6a (webtiles) character file.

Game seed: 15567113863133424310

1269 septik the Basher (level 8, -19/64 (66) HPs)
             Began as a Minotaur Berserker on June 15, 2022.
             Was an Elder of Trog.
             Demolished by a two-headed ogre
             ... wielding a +0 giant club
              (22 damage)
             ... on level 6 of the Dungeon.
             The game lasted 00:10:03 (4755 turns).

septik the Basher (Minotaur Berserker)              Turns: 4755, Time: 00:10:04

HP:   -19/64 (66)   AC:  6    Str: 25    XL:     8   Next: 28%
MP:   7/7           EV: 11    Int:  4    God:    Trog [****..]
Gold: 112           SH:  0    Dex:  9    Spells: 7/7 levels left

rFire   . . .      SeeInvis .   n - +6 club
rCold   . . .      Faith    .   (no shield)
rNeg    . . .      Spirit   .   h - +0 ring mail
rPois   .          Reflect  .   (helmet restricted)
rElec   .          Harm     .   (no cloak)
rCorr   .          Rampage  .   (no gloves)
Will    .....                   o - +0 pair of boots
Stlth   ..........              (no amulet)
HPRegen 0.20/turn               j - +4 ring of slaying
MPRegen 0.10/turn               (no ring)

@: lightly drained
A: horns 2, retaliatory headbutt
a: Renounce Religion, Berserk, Trog's Hand, Brothers in Arms


You were on level 6 of the Dungeon.
You worshipped Trog.
Trog was greatly pleased with you.
You visited 1 branch of the dungeon, and saw 6 of its levels.

You collected 261 gold pieces.
You spent 149 gold pieces at shops.

Inventory:

Hand Weapons
 m - a +1 mace of protection
 n - a +6 club (weapon)
 s - a +0 hunting sling
Missiles
 k - 104 stones (quivered)
Armour
 h - a +0 ring mail (worn)
 o - a +0 pair of boots (worn)
Jewellery
 j - a +4 ring of slaying (left hand)
Wands
 l - a wand of flame (44)
 u - a wand of polymorph (5)
Scrolls
 a - a scroll of amnesia {unknown}
 b - 6 scrolls of identify
 c - 3 scrolls of teleportation {unknown}
 f - 2 scrolls of enchant armour
 g - a scroll of noise {unknown}
 i - 2 scrolls of fear {unknown}
 p - a scroll of poison {unknown}
 q - a scroll of magic mapping {unknown}
 r - 3 scrolls of blinking {unknown}
 v - a scroll of enchant weapon {unknown}
 w - 2 scrolls of fog
Potions
 d - 2 potions of might {unknown}
 e - 6 potions of curing
 t - a potion of heal wounds {unknown}
 x - a potion of invisibility {unknown}
 z - a potion of haste {unknown}
 A - a potion of mutation {unknown}


   Skills:
 - Level 3.7 Fighting
 + Level 12.3 Maces & Flails
 - Level 2.5 Armour
 - Level 2.3 Dodging


You had 7 spell levels left.
You didn't know any spells.
Your spell library was empty.

Dungeon Overview and Level Annotations

Branches:
Dungeon (6/15)
 Temple: D:4-7

Altars:
Gozag
Nemelex Xobeh
Ru
Xom

Shops:
D:5 ?*

Annotations:
D:1 exclusion: downstairs


Innate Abilities, Weirdness & Mutations

You have a pair of horns on your head.
You reflexively headbutt those who attack you in melee.


Message History

Sorry, I don't know how to get there.
You can't go up here!
Sorry, I don't know how to get there.
Sorry, I don't know how to get there.
There is an open door here.
You open the door.
There is an open door here.
There is an open door here.
There is an open door here.
Found a book of Conjurations.
Found 9 gold pieces.
You now have 100 gold pieces (gained 9).
You open the door.
Found 12 gold pieces.
There is an open door here.
You now have 112 gold pieces (gained 12).
You open the door.
A necrophage and a two-headed ogre come into view.
The two-headed ogre shouts in stereo!
Found 12 gold pieces.
The necrophage misses you. You furiously retaliate!
You headbutt the necrophage!
The two-headed ogre hits you with a +0 giant club!!
The two-headed ogre barely misses you.
There is an open door, spattered with blood here.
The two-headed ogre attacks as you move away!
The two-headed ogre hits you with a +0 giant club!!
* * * LOW HITPOINT WARNING * * *
The two-headed ogre closely misses you.
The necrophage attacks as you move away!
The necrophage hits you.
* * * LOW HITPOINT WARNING * * *
You feel drained.
* * * LOW HITPOINT WARNING * * *
The necrophage attacks as you move away!
The necrophage misses you.
You open the door. The necrophage barely misses you.
The two-headed ogre attacks as you move away!
The two-headed ogre barely misses you.
The two-headed ogre hits you with a +0 giant club!!
You die...

..........#
########'##....... .
#......#....... ..
#......#$...... ...
#......#....... ....
#......#....... .....
#......#.......
......#.O....#.......
......'@n....'.....#
.##...########.....#
#.. ###### ... ... ..
#


You could see a two-headed ogre and a necrophage.

Vanquished Creatures
  Grinder (D:5)
  A water moccasin (D:5)
  2 black bears (D:5)
  A sky beast (D:6)
  An ice beast (D:6)
  A centaur (D:5)
  A scorpion (D:3)
  A hound (D:4)
  A jelly (D:5)
  An orc priest (D:4)
  Jessica (D:2)
  2 iguanas (D:5)
  Natasha (thrice) (D:3)
  An orc wizard (D:4)
  Terence (D:2)
  Robin (D:1)
  4 gnolls (D:5)
  4 adders
  2 white imps (D:5)
  A worm (D:2)
  2 dart slugs
  An orc (D:4)
  11 ball pythons
  6 bats
  7 endoplasms
  3 giant cockroaches
  15 goblins
  10 hobgoblins
  7 kobolds
  A quokka (D:2)
  7 frilled lizards
  5 rats
106 creatures vanquished.

Notes
Turn   | Place    | Note
-------+----------+-------------------------------------------
     0 | D:1      | septik the Minotaur Berserker began the quest for the Orb.
     0 | D:1      | Reached XP level 1. HP: 19/19 MP: 0/0
    89 | D:1      | Reached skill level 4 in Maces & Flails
   222 | D:1      | Reached XP level 2. HP: 27/27 MP: 1/1
   485 | D:1      | Found a faded altar of an unknown god.
   875 | D:1      | Reached XP level 3. HP: 33/33 MP: 2/2
   912 | D:2      | Noticed Robin
   922 | D:1      | Reached skill level 5 in Maces & Flails
  1112 | D:2      | Reached ** piety under Trog
  1470 | D:2      | Noticed Terence
  1485 | D:2      | Killed Terence
  1533 | D:2      | Reached XP level 4. HP: 40/40 MP: 3/3
  1559 | D:1      | Killed Robin
  1560 | D:1      | Reached skill level 6 in Maces & Flails
  1824 | D:2      | Noticed Jessica
  1827 | D:2      | Killed Jessica
  2366 | D:3      | Noticed a scorpion
  2375 | D:3      | Killed a scorpion
  2376 | D:3      | Reached skill level 7 in Maces & Flails
  2376 | D:3      | Reached XP level 5. HP: 31/46 MP: 4/4
  2600 | D:3      | Identified the +1 plate armour of Doesh {Contam Will+++
                  | SInv}
  2637 | D:3      | Found a sacrificial altar of Ru.
  2639 | D:3      | Found an opulent altar of Gozag.
  2640 | D:3      | Found a shimmering altar of Xom.
  2642 | D:3      | Found a sparkling altar of Nemelex Xobeh.
  2680 | D:3      | Reached *** piety under Trog
  2754 | D:3      | Noticed Natasha
  2765 | D:3      | Killed Natasha
  2877 | D:3      | Noticed Natasha
  2912 | D:3      | Killed Natasha
  2913 | D:3      | Reached skill level 8 in Maces & Flails
  2913 | D:3      | Reached XP level 6. HP: 52/52 MP: 5/5
  3298 | D:3      | Noticed Natasha
  3304 | D:3      | Killed Natasha
  3617 | D:4      | You fall into a shaft and drop 2 floors!
  3621 | D:6      | Noticed an ice beast
  3626 | D:6      | Killed an ice beast
  3627 | D:6      | Reached skill level 9 in Maces & Flails
  3675 | D:5      | Entered Level 5 of the Dungeon
  3675 | D:5      | Found Gim Muck's Magic Scroll Boutique.
  3679 | D:5      | Bought a scroll of identify for 26 gold pieces
  3679 | D:5      | Bought a scroll of fog for 26 gold pieces
  3679 | D:5      | Bought a scroll of enchant armour for 97 gold pieces
  3710 | D:5      | Reached XP level 7. HP: 43/58 MP: 6/6
  3803 | D:5      | Found Viyrhas's Assorted Antiques.
  3876 | D:5      | Reached skill level 10 in Maces & Flails
  4024 | D:5      | Noticed Grinder
  4033 | D:5      | Killed Grinder
  4034 | D:5      | Reached skill level 11 in Maces & Flails
  4212 | D:5      | Reached XP level 8. HP: 46/66 MP: 7/7
  4219 | D:5      | Reached **** piety under Trog
  4224 | D:5      | Reached skill level 12 in Maces & Flails
  4746 | D:6      | Noticed a two-headed ogre
  4748 | D:6      | HP: 3/66 [necrophage (5)]
  4755 | D:6      | Demolished by a two-headed ogre

Illustrated notes

Levels and vault maps discovered:
D:1:      lemuel_arrival_behind_the_door_large, layout_basic,
          dreamdust_ecumenical_altar_angels_and_demons
D:2:      layout_rooms, serial_aquarium, aquarium_bridge_straight
          [aquarium_subvault_bridge, aquarium_subvault_wall,
          aquarium_subvault_bridge, aquarium_subvault_window],
          aquarium_window_2, aquarium_window_3, aquarium_window_corner,
          aquarium_window_2, aquarium_view_2c, aquarium_balcony_3a,
          uniq_jessica, uniq_terence, uniq_robin
D:3:      layout_rooms, minitemple, uniq_natasha
D:4:      layout_cave_pools, serial_shops, shop
D:5:      layout_rooms, serial_shops, nicolae_square_shop,
          nicolae_shop_hallway_stairs, kennysheep_decorative_pillar,
          uniq_grinder
D:6:      layout_gridville

Skill      XL: |  1  2  3  4  5  6  7  8 |
---------------+-------------------------+-----
Maces & Flails | 4 5 7 8 9 11 12 | 12.3
Fighting       | |  3.7
Armour         | |  2.5
Dodging        | |  2.3

Action                   |  1- 3 |  4- 6 |  7- 9 || total
-------------------------+-------+-------+-------++-------
Melee: Mace              |    76 |     7 |       ||    83
       Headbutt          |     6 |    12 |     9 ||    27
       Club              |       |    88 |    41 ||   129
       Punch             |       |     1 |       ||     1
       Unarmed           |       |    12 |       ||    12
Throw: Stone             |       |     8 |       ||     8
Invok: Berserk           |     1 |     1 |       ||     2
  Use: Potion            |       |       |     1 ||     1
Armor: Animal skin       |     9 |       |       ||     9
       Ring mail         |     4 |    27 |    12 ||    43
       Skin              |       |     4 |       ||     4
Dodge: Dodged            |    48 |    75 |    24 ||   147

Table legend: (Time is in decaauts)
 A = Elapsed time spent in this place.
 B = Non-inter-level travel time spent in this place.
 C = Inter-level travel time spent in this place.
 D = Time resting spent in this place.
 E = Time spent auto-exploring this place.
 F = Levels seen in this place.
 G = Mean time per level.
                   A        B        C        D        E       F      G
               +--------+--------+--------+--------+--------+-----+--------+
         Total |   4772 |   4503 |    269 |    268 |   3298 |   6 |  795.3 |
       Dungeon |   4772 |   4503 |    269 |    268 |   3298 |   6 |  795.3 |
               +--------+--------+--------+--------+--------+-----+--------+

Top non-repeatable levels by time:
     D:1: 1258 daAuts
     D:3: 1049 daAuts
     D:2: 1046 daAuts
     D:5: 854 daAuts
     D:6: 285 daAuts
     D:4: 277 daAuts
